[Event "Early Titled Tuesday Blitz | February 8 2022"]
[White "Bashirli, Saadat"]
[Black "Kornyukov, Alexey"]
[WhiteFideId "13429990"]
[BlackFideId "4150457"]
[WhiteElo "1173"]
[BlackElo "2303"]
[Result "0-1"]
[Round "07"]
[TimeControl "180+1"]
[Date "2022.02.08"]
[WhiteClock "0:00:24"]
[BlackClock "0:00:26"]

1. d4 d5 2. Bg5 Nf6 3. Nd2 c5 4. e3 Nc6 5. Ngf3 cxd4 6. exd4 Bg4 7. c3 e6 8. Bb5 Be7 9. O-O h6 10. Bf4 g5 11. Bg3 Ne4 12. Be2 h5 13. Nxe4 dxe4 14. Ne5 Nxe5 15. Bxe5 Bxe2 16. Qxe2 f6 17. Qxe4 fxe5 18. Qg6+ Kd7 19. dxe5 Kc7 20. Qxe6 Qd7 21. Qc4+ Qc6 22. Qf7 Rae8 23. Rad1 Kb8 24. e6 Bc5 25. Rd7 h4 26. b4 Bb6 27. b5 Qxe6 28. Rxb7+ Ka8 29. Qf3 Qe4 30. Rf7 Qxf3 31. Rxf3 Re2 32. Rf5 g4 33. c4 Rxa2 34. c5 Bc7 35. Rd1 g3 36. hxg3 hxg3 37. f3 Ra4 38. Rf7 Rah4 39. Kf1 Rh1+ 40. Ke2 Re8+ 41. Kd2 Rd8+ 42. Kc2 Rhxd1 43. Rxc7 R1d2+ 44. Kc3 Rxg2 45. Rg7 Rg1 46. c6 g2 47. Kc2 Ra1 48. c7 Rc8 49. Rxg2 Ra2+ 50. Kb3 Rxg2 51. Kb4 Rxc7 52. b6 axb6 53. f4 Rc4+ 54. Kxc4 Rf2 55. Kb5 Rxf4 56. Kxb6 Rf6+ 57. Kc5 Kb7 58. Kd5 Rh6 59. Ke5 Kc7 60. Kd5 Rg6 61. Ke4 Rg5 62. Kd4 Ra5 63. Ke4 Kd6 64. Kd4 Ra4+ 65. Ke3 Ke5 66. Kd3 Kd5 67. Ke3 Rb4 68. Kd2 Kd4 69. Ke2 Rb3 70. Kd2 Rb2+ 71. Kc1 Kc3 72. Kd1 Ra2 73. Ke1 Kd3 74. Kf1 Ke3 75. Kg1 Kf3 76. Kh1 Kg3 77. Kg1 Ra1# 0-1


[Site "https://www.chess.com"]

[Event "Early Titled Tuesday Blitz | February 8 2022"]
[White "Bauer, Thomas"]
[Black "Rudykh, Stepan"]
[WhiteFideId "1639293"]
[BlackFideId "4180321"]
[WhiteElo "2220"]
[BlackElo "2118"]
[Result "0-1"]
[Round "07"]
[TimeControl "180+1"]
[Date "2022.02.08"]
[WhiteClock "0:00:06"]
[BlackClock "0:00:17"]

1. d4 e6 2. c4 f5 3. g3 Nf6 4. Bg2 Be7 5. Nh3 d6 6. O-O O-O 7. Nc3 e5 8. b3 Nc6 9. d5 Nb8 10. Bb2 a5 11. f4 e4 12. Nb5 c6 13. dxc6 bxc6 14. Nd4 Qb6 15. Kh1 Ng4 16. Qc1 Bf6 17. e3 c5 18. Nb5 Bxb2 19. Qxb2 Nxe3 20. Rad1 d5 21. Qd2 d4 22. Rfe1 Nxd1 23. Qxd1 Na6 24. g4 Qg6 25. Nf2 Re8 26. gxf5 Bxf5 27. Rg1 Qh6 28. Ng4 Qxf4 29. h3 Bxg4 30. Qe1 Bf3 31. Qh4 Qxh4 0-1


[Site "https://www.chess.com"]

[Event "Early Titled Tuesday Blitz | February 8 2022"]
[White "Beerdsen, Thomas"]
[Black "Jobava, Baadur"]
[WhiteFideId "1030108"]
[BlackFideId "13601520"]
[WhiteElo "2585"]
[BlackElo "2617"]
[Result "0-1"]
[Round "07"]
[TimeControl "180+1"]
[Date "2022.02.08"]
[WhiteClock "0:00:03"]
[BlackClock "0:02:02"]

1. e4 c6 2. d4 d5 3. f3 Nf6 4. e5 Nfd7 5. f4 c5 6. Nf3 Nc6 7. c3 cxd4 8. cxd4 Nb6 9. h3 Bf5 10. Nc3 e6 11. Be3 Rc8 12. Rc1 h5 13. Be2 Be7 14. O-O h4 15. Bf2 Kf8 16. Qe1 Nc4 17. b3 Na3 18. Ng5 Bxg5 19. fxg5 Qxg5 20. Kh2 Qf4+ 21. Kh1 Nxd4 22. Nxd5 Qxc1 23. Qxc1 Rxc1 24. Rxc1 exd5 25. Bxd4 Nc2 26. Bc5+ Ke8 27. Bd1 Ne1 28. Bxa7 Kd7 29. Be2 Nc2 30. Bc5 Rc8 31. Bd6 Ke6 32. Kg1 f6 33. exf6 Kxd6 34. fxg7 Rg8 35. Rf1 Nd4 0-1


[Site "https://www.chess.com"]

[Event "Early Titled Tuesday Blitz | February 8 2022"]
[White "Berdychevskaya, Natasha"]
[Black "Bambino Filho, Antonio Carlos"]
[WhiteFideId "4159322"]
[BlackFideId "2113163"]
[WhiteElo "1780"]
[BlackElo "2457"]
[Result "0-1"]
[Round "07"]
[TimeControl "180+1"]
[Date "2022.02.08"]
[WhiteClock "0:00:25"]
[BlackClock "0:00:41"]

1. d4 d5 2. Bf4 e6 3. e3 Bd6 4. Bg3 f5 5. Nf3 Nf6 6. Nbd2 O-O 7. Bd3 Ne4 8. O-O Nd7 9. c4 Ndf6 10. c5 Be7 11. Ne5 Bd7 12. Nxe4 fxe4 13. Be2 Be8 14. f3 a5 15. Rc1 Bg6 16. Bh4 exf3 17. Bxf3 Be4 18. Bxf6 gxf6 19. Bxe4 dxe4 20. Nc4 Kh8 21. Qh5 Rg8 22. Rf4 b5 23. cxb6 cxb6 24. Rxe4 Rc8 25. Rh4 Rg7 26. a4 Qd5 27. b3 Qxg2# 0-1


[Site "https://www.chess.com"]

[Event "Early Titled Tuesday Blitz | February 8 2022"]
[White "Bettalli, Francesco"]
[Black "Lagunov, Evgenij"]
[WhiteFideId "2816453"]
[BlackFideId "4125363"]
[WhiteElo "2216"]
[BlackElo "2200"]
[Result "0-1"]
[Round "07"]
[TimeControl "180+1"]
[Date "2022.02.08"]
[WhiteClock "0:00:39"]
[BlackClock "0:00:14"]

1. d4 Nf6 2. Nc3 d5 3. Bf4 c6 4. e3 Bf5 5. Nf3 h6 6. Bd3 Bxd3 7. Qxd3 Nbd7 8. O-O e6 9. Ne5 Be7 10. e4 O-O 11. exd5 exd5 12. Rae1 Nxe5 13. Bxe5 Re8 14. Ne2 Nd7 15. Bg3 Bf6 16. c3 Nf8 17. Nf4 Qd7 18. Nh5 Nh7 19. Nxf6+ Nxf6 20. h3 Ne4 21. Bf4 Re6 22. f3 Nf6 23. Rxe6 Qxe6 24. Bd2 Re8 25. Re1 Qd7 26. Qf1 Re6 27. Re5 Rxe5 28. dxe5 Ne8 29. g4 d4 30. Qd3 c5 31. cxd4 cxd4 32. Be3 Qd5 33. Bxd4 Qxa2 34. Bc3 Qe6 35. f4 Qc6 36. f5 b6 37. Kh2 a5 38. Kg3 Nc7 39. Qd8+ Kh7 40. e6 fxe6 41. Qe7 Ne8 42. f6 Qd6+ 43. Qxd6 Nxd6 44. Be5 Nf7 45. Bc7 gxf6 46. Bxb6 a4 47. Kf4 Kg6 48. Ke4 Ne5 49. Bd4 Nc6 50. Bc3 f5+ 51. gxf5+ exf5+ 52. Kd5 Ne7+ 53. Kc4 f4 54. Kb5 Nd5 55. Bd4 Kf5 56. Kxa4 Ke4 57. Bg1 Kf3 58. b4 Kg2 59. Bd4 f3 60. b5 f2 61. Bxf2 Kxf2 62. Kb3 Kg3 63. Kc4 Nb6+ 64. Kc5 Nc8 65. Kb4 Kxh3 66. Ka5 Kg4 67. Ka6 h5 68. Kb7 Nd6+ 69. Kc6 Nxb5 0-1


[Site "https://www.chess.com"]

[Event "Early Titled Tuesday Blitz | February 8 2022"]
[White "Brunner, Nicolas"]
[Black "Yushko, Olga"]
[WhiteFideId "620246"]
[BlackFideId "14114500"]
[WhiteElo "2372"]
[BlackElo "2028"]
[Result "1-0"]
[Round "07"]
[TimeControl "180+1"]
[Date "2022.02.08"]
[WhiteClock "0:02:27"]
[BlackClock "0:02:54"]

1. d4 e6 2. e4 d5 3. Nc3 Nf6 4. e5 Nfd7 5. f4 c5 6. Nf3 Nc6 7. Be3 Qb6 8. Na4 Qa5+ 9. c3 cxd4 10. b4 Qd8 11. Nxd4 Nxb4 12. cxb4 Bxb4+ 13. Kf2 O-O 14. Bd3 a6 15. Bxh7+ Kh8 16. Qh5 1-0


[Site "https://www.chess.com"]

[Event "Early Titled Tuesday Blitz | February 8 2022"]
[White "Buscar, Michael"]
[Black "Delorme, Alban"]
[WhiteFideId "2603616"]
[BlackFideId "623636"]
[WhiteElo "2010"]
[BlackElo "2197"]
[Result "0-1"]
[Round "07"]
[TimeControl "180+1"]
[Date "2022.02.08"]
[WhiteClock "0:00:24"]
[BlackClock "0:00:20"]

1. c4 Nf6 2. Nf3 d6 3. d4 g6 4. Nc3 Bg7 5. e4 O-O 6. Be2 e5 7. Be3 exd4 8. Nxd4 Re8 9. f3 c6 10. Qd2 d5 11. exd5 cxd5 12. O-O dxc4 13. Bxc4 Rxe3 14. Qxe3 Ng4 15. Bxf7+ Kh8 16. Qe8+ Qxe8 17. Bxe8 Bxd4+ 18. Kh1 Nf2+ 19. Rxf2 Bxf2 20. Rd1 Bb6 21. Nd5 Nc6 22. h4 Be6 23. Bxc6 bxc6 24. Ne7 Rd8 25. Rxd8+ Bxd8 26. Nxc6 Bb6 27. a3 Bd5 28. Nb4 Bc4 29. Nc2 Bb3 30. Nb4 Bd4 31. Nc6 Bxb2 32. Nxa7 Bxa3 33. Nb5 Bc5 34. Nc3 Bc4 35. Kh2 Kg7 36. Kh3 Be6+ 37. g4 Bd4 38. Ne4 Bd5 39. Nd2 Be3 40. Nf1 Bf4 41. Kg2 Kf6 42. Kf2 Ke5 43. Ke2 Bc4+ 44. Kf2 Bxf1 45. Kxf1 Bg3 46. h5 g5 47. Kg2 Kf4 48. Kh3 Kxf3 49. h6 Bf2 50. Kh2 Kxg4 51. Kg2 Kh5 52. Kxf2 Kxh6 53. Kg3 Kg6 54. Kg4 h5+ 55. Kh3 g4+ 56. Kg3 Kg5 57. Kh2 h4 58. Kg2 g3 59. Kh3 Kf4 60. Kg2 h3+ 61. Kxh3 Kf3 62. Kh4 g2 63. Kg5 g1=Q+ 64. Kf6 Qg4 65. Ke5 Qf4+ 66. Kd5 Qe4+ 67. Kc5 Ke3 68. Kb6 Kd3 69. Kc5 Qd4+ 70. Kb5 Qc4+ 71. Ka5 Qb3 72. Ka6 Kc4 73. Ka7 Kc5 74. Ka8 Kc6 75. Ka7 Qb7# 0-1


[Site "https://www.chess.com"]

[Event "Early Titled Tuesday Blitz | February 8 2022"]
[White "Camacho Collados, Jose"]
[Black "Karabalis, Harilos"]
[WhiteFideId "2265427"]
[BlackFideId "4621808"]
[WhiteElo "2351"]
[BlackElo "2168"]
[Result "0-1"]
[Round "07"]
[TimeControl "180+1"]
[Date "2022.02.08"]
[WhiteClock "0:00:06"]
[BlackClock "0:00:08"]

1. e4 e6 2. d3 d5 3. Nd2 b6 4. exd5 Qxd5 5. c4 Qd8 6. Ngf3 Bb7 7. d4 Nf6 8. Bd3 Be7 9. O-O O-O 10. Re1 Nbd7 11. b3 c5 12. Bb2 Re8 13. Qc2 Nf8 14. Rad1 Qc7 15. Ne4 Nxe4 16. Bxe4 Bxe4 17. Qxe4 cxd4 18. Nxd4 Rad8 19. Nc6 Rxd1 20. Nxe7+ Rxe7 21. Rxd1 Rd7 22. Rd4 Rxd4 23. Qxd4 f6 24. h4 Kf7 25. h5 Nd7 26. Qe4 g6 27. hxg6+ hxg6 28. Qh4 Kg7 29. Bc1 g5 30. Qe4 Nc5 31. Qc2 Qe5 32. b4 Qe1+ 33. Kh2 Qe5+ 34. f4 gxf4 35. bxc5 f3+ 36. Kh3 Qh5+ 37. Kg3 fxg2 38. Qxg2 Qxc5 39. Kh2+ Kf7 40. Qb7+ Kg6 41. Qe4+ Kf7 42. Be3 Qh5+ 43. Kg3 Qe2 44. Qh7+ Ke8 45. Bh6 Qxc4 46. Qg8+ Kd7 47. Qf7+ Kc6 48. Qxf6 Qxa2 49. Qc3+ Kd5 50. Bf4 Qe2 51. Qb3+ Qc4 52. Qd1+ Ke4 53. Qe1+ Kd3 54. Qd2+ Ke4 55. Qe1+ Kf5 56. Qe5+ Kg6 57. Qg5+ Kf7 58. Qh5+ Ke7 59. Qh7+ Kd8 60. Bg5+ Kc8 61. Qg8+ Kb7 62. Qf7+ Qc7+ 63. Kg4 Qxf7 64. Be3 Qf5+ 65. Kg3 b5 66. Bf4 b4 67. Kf3 b3 68. Ke3 b2 69. Be5 b1=Q 70. Kd4 Qbd3+ 71. Kc5 Qxe5+ 72. Kb4 Qeb5# 0-1


[Site "https://www.chess.com"]

[Event "Early Titled Tuesday Blitz | February 8 2022"]
[White "Carlsson, Ludvig"]
[Black "Araujo Filho, Luiz Antonio Coel"]
[WhiteFideId "1727010"]
[BlackFideId "2130661"]
[WhiteElo "2178"]
[BlackElo "2242"]
[Result "0-1"]
[Round "07"]
[TimeControl "180+1"]
[Date "2022.02.08"]
[WhiteClock "0:01:58"]
[BlackClock "0:00:12"]

1. e4 c6 2. d4 d5 3. exd5 cxd5 4. Bd3 Nf6 5. h3 Nc6 6. Nf3 e6 7. c3 Be7 8. O-O O-O 9. Bf4 a6 10. a4 Bd7 11. Nbd2 Be8 12. Re1 Rc8 13. Bh2 Nd7 14. Qe2 g6 15. Bf4 Bf6 16. Bh6 Bg7 17. Qe3 Nf6 18. Qg5 Qc7 19. Bxg7 Kxg7 20. Ne5 Nxe5 21. dxe5 Nd7 22. Nf3 Qd8 23. Qxd8 Rxd8 24. a5 Nc5 25. Bc2 Bb5 26. Nd4 Bd3 27. Bd1 g5 28. Bg4 Rfe8 29. Red1 Bg6 30. Be2 Rc8 31. f3 h5 32. Kf2 Nd7 33. f4 gxf4 34. Nf3 Nc5 35. Re1 Ne4+ 36. Kg1 Rc7 37. Nd4 Rec8 38. Rf1 Ng3 39. Rxf4 Nxe2+ 40. Nxe2 Rc4 41. Rxc4 Rxc4 42. Nd4 Kf8 43. Kf2 Ke7 44. Ke3 Kd7 45. g4 hxg4 46. hxg4 Ke7 47. Kf4 Kd7 48. Ra3 Kc7 49. Rb3 Ra4 50. Ra3 Rxa3 51. bxa3 b6 52. axb6+ Kxb6 53. Kg5 Be4 54. Kf6 Kc5 55. g5 Kc4 56. Nxe6 fxe6 57. Kxe6 Kxc3 58. Kf6 d4 59. e6 d3 60. e7 Bc6 61. g6 d2 62. g7 d1=Q 63. g8=Q Qf3+ 64. Ke6 Qd5+ 65. Kf6 Qxg8 66. e8=Q Qxe8 67. a4 Qd7 68. a5 Kb4 69. Ke5 Kxa5 70. Kf4 Kb4 71. Ke3 Qd5 72. Kf2 a5 73. Ke1 a4 74. Ke2 a3 75. Ke3 a2 76. Kf4 0-1


[Site "https://www.chess.com"]

[Event "Early Titled Tuesday Blitz | February 8 2022"]
[White "Cherniaiev, Tykhon"]
[Black "Nilsen, Tobias Lang"]
[WhiteFideId "14182360"]
[BlackFideId "1521624"]
[WhiteElo "2289"]
[BlackElo "2013"]
[Result "1-0"]
[Round "07"]
[TimeControl "180+1"]
[Date "2022.02.08"]
[WhiteClock "0:01:01"]
[BlackClock "0:01:17"]

1. Nf3 c5 2. c4 g6 3. Nc3 Bg7 4. g3 Nc6 5. Bg2 d6 6. b3 Bf5 7. Bb2 Qd7 8. h3 Nf6 9. d3 a6 10. Rc1 O-O 11. Nd5 Nxd5 12. Bxg7 Kxg7 13. cxd5 Nd4 14. e4 e6 15. Nxd4 cxd4 16. exf5 exf5 17. O-O f4 18. gxf4 Rae8 19. Re1 Qf5 20. Qf3 a5 21. Re4 Rc8 22. Ree1 Rce8 23. Rcd1 Rc8 24. Qe4 Qf6 25. Rc1 Rce8 26. Qxe8 Rxe8 27. Rxe8 Qxf4 28. Rc7 Qd2 29. Ree7 Qxd3 30. Rxf7+ Kh6 31. f4 Qe3+ 32. Kh2 g5 33. Rf6+ Kh5 34. Rxh7# 1-0


[Site "https://www.chess.com"]

[Event "Early Titled Tuesday Blitz | February 8 2022"]
[White "Chernomordik, Pavel"]
[Black "Murzin, Volodar"]
[WhiteFideId "2804530"]
[BlackFideId "44155573"]
[WhiteElo "2249"]
[BlackElo "2585"]
[Result "0-1"]
[Round "07"]
[TimeControl "180+1"]
[Date "2022.02.08"]
[WhiteClock "0:01:27"]
[BlackClock "0:01:13"]

1. e4 c6 2. Nc3 d5 3. Qf3 Nf6 4. d3 e6 5. Qg3 d4 6. Nb1 Bb4+ 7. Bd2 Bxd2+ 8. Nxd2 O-O 9. O-O-O c5 10. f4 Nc6 11. Ngf3 Nh5 12. Qg4 g6 13. e5 f5 14. Qg5 Qxg5 15. fxg5 Nf4 16. Nc4 Bd7 17. a4 Nd5 18. Kd2 f4 19. h4 Ne3 20. Ra1 Ne7 21. Rh2 N7f5 22. Be2 Ng3 23. Nd6 Bc6 24. Ne1 Ngf1+ 0-1


[Site "https://www.chess.com"]

[Event "Early Titled Tuesday Blitz | February 8 2022"]
[White "Chigaev, Maksim"]
[Black "Golubka, Petro"]
[WhiteFideId "4108116"]
[BlackFideId "14114224"]
[WhiteElo "2502"]
[BlackElo "2392"]
[Result "1-0"]
[Round "07"]
[TimeControl "180+1"]
[Date "2022.02.08"]
[WhiteClock "0:00:09"]
[BlackClock "0:01:40"]

1. d4 Nf6 2. c4 e6 3. g3 d5 4. Bg2 Be7 5. Nf3 c6 6. O-O O-O 7. Nc3 Nbd7 8. Qd3 a5 9. e4 dxc4 10. Qxc4 b5 11. Qxc6 Nb6 12. Qxb5 Ba6 13. Qb3 a4 14. Qd1 Bxf1 15. Qxf1 a3 16. b3 Bb4 17. Nb5 Nxe4 18. Ne5 f5 19. Nc6 Qd7 20. Nxb4 Rfc8 21. Bxa3 h5 22. Bb2 h4 23. a4 hxg3 24. hxg3 Nd5 25. Nxd5 exd5 26. Qd3 f4 27. Bxe4 dxe4 28. Qxe4 fxg3 29. fxg3 Qh3 30. Qd5+ Kh8 31. Qh1 Qxh1+ 32. Kxh1 Rc2 33. Ba3 Re8 34. Bd6 Ree2 35. g4 Re4 36. Rg1 Re3 37. Rg2 Rc1+ 38. Kh2 Rxb3 39. Ra2 Rbb1 40. Be5 Rh1+ 41. Kg2 Rbg1+ 42. Kf3 Rh3+ 43. Ke4 Re1+ 44. Kd5 Rb3 45. Nd6 Ra1 46. Rxa1 1-0


[Site "https://www.chess.com"]

[Event "Early Titled Tuesday Blitz | February 8 2022"]
[White "Cramling Bellon, Anna"]
[Black "Stanisz, Patryk"]
[WhiteFideId "32009232"]
[BlackFideId "1123106"]
[WhiteElo "1905"]
[BlackElo "1876"]
[Result "1-0"]
[Round "07"]
[TimeControl "180+1"]
[Date "2022.02.08"]
[WhiteClock "0:00:10"]
[BlackClock "0:00:22"]

1. d4 d5 2. c4 c6 3. Nf3 Nf6 4. Nc3 e6 5. e3 Nbd7 6. Bd3 dxc4 7. Bxc4 b5 8. Bd3 b4 9. Ne4 c5 10. Nxc5 Bxc5 11. dxc5 Nxc5 12. Bb5+ Ke7 13. Nd4 Bb7 14. O-O a6 15. Bc6 Qc7 16. Qf3 Rac8 17. Bxb7 Qxb7 18. Qg3 Nce4 19. Qh4 g5 20. Qh6 Rhg8 21. b3 Rg6 22. Qh3 g4 23. Qh4 Rc5 24. f4 gxf3 25. Rxf3 Rh5 26. Qe1 Qc7 27. Qxb4+ Ke8 28. h3 Rhg5 29. Qa4+ Kf8 30. Ba3+ Kg8 31. g4 Nxg4 32. Qe8+ Kg7 33. Qf8# 1-0


[Site "https://www.chess.com"]

[Event "Early Titled Tuesday Blitz | February 8 2022"]
[White "Dauner, Benedikt"]
[Black "Muradov, Soltan"]
[WhiteFideId "16225899"]
[BlackFideId "14002108"]
[WhiteElo "2230"]
[BlackElo "1854"]
[Result "0-1"]
[Round "07"]
[TimeControl "180+1"]
[Date "2022.02.08"]
[WhiteClock "0:00:01"]
[BlackClock "0:00:39"]

1. d4 Nf6 2. Nf3 e6 3. g3 b6 4. Bg2 Bb7 5. O-O c5 6. c4 cxd4 7. Nxd4 Bxg2 8. Kxg2 Qc8 9. b3 Qb7+ 10. f3 a6 11. Nc3 d6 12. Bb2 Be7 13. e4 Nbd7 14. Qe2 O-O 15. Rfd1 Rac8 16. Rac1 Rfe8 17. Qd3 Nc5 18. Qe3 h6 19. Nde2 Bf8 20. Nf4 b5 21. Nce2 b4 22. Nd3 Nfd7 23. Nd4 Nxd3 24. Rxd3 Nc5 25. Rd2 Be7 26. Ne2 a5 27. Rcd1 a4 28. h4 Ra8 29. Nf4 Bf8 30. Nh5 axb3 31. axb3 Ra2 32. Bd4 Rea8 33. e5 Rxd2+ 34. Rxd2 Nxb3 35. Qxb3 Ra3 36. Qb2 Qxf3+ 37. Kh2 Qxh5 38. Bf2 Qxe5 39. Qc2 Rc3 40. Qd1 Rxc4 41. Re2 Qd5 42. Rd2 Qf5 43. Qf1 Rc2 44. Rxc2 Qxc2 45. Kg1 d5 46. Qa6 b3 47. Qa8 b2 48. Kg2 b1=Q 0-1


[Site "https://www.chess.com"]

[Event "Early Titled Tuesday Blitz | February 8 2022"]
[White "De Souza, Cristiano Gomes"]
[Black "Praslov, Andrey"]
[WhiteFideId "2151758"]
[BlackFideId "4147863"]
[WhiteElo "2068"]
[BlackElo "2361"]
[Result "0-1"]
[Round "07"]
[TimeControl "180+1"]
[Date "2022.02.08"]
[WhiteClock "0:00:07"]
[BlackClock "0:00:19"]

1. d4 Nf6 2. c3 d5 3. Nf3 Bf5 4. g3 e6 5. Bg2 c5 6. O-O Nc6 7. Na3 cxd4 8. Nxd4 Bxa3 9. Nxc6 bxc6 10. bxa3 O-O 11. c4 Be4 12. cxd5 Bxg2 13. Kxg2 cxd5 14. Bg5 h6 15. Bxf6 Qxf6 16. Rb1 Rac8 17. Qa4 Qe5 18. Qxa7 Ra8 19. Qc5 Rfc8 20. Qb4 Qxe2 21. Rb2 Qd3 22. Rb3 Qf5 23. Rc3 Rxc3 24. Qxc3 Qe4+ 25. Kg1 d4 26. Qb3 d3 27. Rd1 Rd8 28. Qc3 d2 29. Qe3 Qc2 30. Qb3 Qc1 31. Kf1 g6 32. Ke2 Rd5 33. f4 g5 34. Qb4 gxf4 35. gxf4 Qc2 36. Rxd2 Rxd2+ 37. Qxd2 Qe4+ 38. Kf2 Kh7 39. Qe3 Qc2+ 40. Qe2 Qc5+ 41. Qe3 Qc2+ 42. Qe2 Qc5+ 43. Qe3 Qd5 44. Kg3 Qxa2 45. Qd3+ Kg7 46. Qc3+ Kg8 47. Qc8+ Kh7 48. Qc3 Qe2 49. Qf3 Qe1+ 50. Kg2 Qd2+ 51. Kh3 Qc2 52. Kg3 Kg6 53. h4 h5 54. Qe3 Kh7 55. Kf3 Qa2 56. Qd3+ Kg7 57. Ke3 Kg8 58. Qd8+ Kh7 59. Qg5 Qxa3+ 60. Kf2 Qb2+ 61. Kf1 Qb1+ 62. Kf2 Qc2+ 63. Kg3 Qd3+ 64. Kg2 Qg6 65. Kf3 Qxg5 66. fxg5 Kg6 67. Kf4 f6 68. gxf6 Kxf6 69. Ke4 e5 70. Kf3 Ke6 71. Ke3 Kf5 72. Kf3 e4+ 73. Ke3 Ke5 74. Ke2 Kf4 75. Kf2 Kg4 76. Ke3 Kxh4 77. Kxe4 Kg3 78. Ke3 h4 79. Ke2 Kg2 80. Ke1 h3 81. Ke2 h2 82. Ke3 h1=Q 83. Ke4 Qh3 84. Ke5 Qf3 85. Ke6 Kg3 0-1


[Site "https://www.chess.com"]

[Event "Early Titled Tuesday Blitz | February 8 2022"]
[White "Deac, Bogdan-Daniel"]
[Black "Erigaisi Arjun"]
[WhiteFideId "1226380"]
[BlackFideId "35009192"]
[WhiteElo "2646"]
[BlackElo "2745"]
[Result "0-1"]
[Round "07"]
[TimeControl "180+1"]
[Date "2022.02.08"]
[WhiteClock "0:00:02"]
[BlackClock "0:00:11"]

1. e4 e6 2. d4 d5 3. Nc3 Nf6 4. e5 Nfd7 5. f4 c5 6. Nf3 Nc6 7. Be3 a6 8. Qd2 b5 9. dxc5 Bxc5 10. Bd3 Qb6 11. Bf2 Bb7 12. a3 h6 13. O-O Bxf2+ 14. Qxf2 Qxf2+ 15. Kxf2 g5 16. g3 Ke7 17. Ne2 Nc5 18. Ned4 Ne4+ 19. Ke3 gxf4+ 20. gxf4 f5 21. exf6+ Kxf6 22. Nxc6 Bxc6 23. Ne5 Bb7 24. Rg1 Rag8 25. Bxe4 dxe4 26. Rg3 Rxg3+ 27. hxg3 Rc8 28. Rh1 Kg7 29. c3 Bd5 30. Rh4 a5 31. Rg4+ Kh7 32. Nd7 Kh8 33. Nf6 Bb7 34. Rg6 b4 35. axb4 axb4 36. cxb4 Rd8 37. b5 e5 38. fxe5 Rd3+ 39. Ke2 Bd5 40. b6 Bc4 41. Ke1 Re3+ 42. Kd2 Rd3+ 43. Ke1 Re3+ 44. Kf2 Re2+ 45. Kg1 e3 46. e6 Bxe6 47. Ne4 Bd5 48. Nf6 Re1+ 49. Kh2 Rh1# 0-1


[Site "https://www.chess.com"]

[Event "Early Titled Tuesday Blitz | February 8 2022"]
[White "Demin, Vladimir"]
[Black "Decuigniere, Tom"]
[WhiteFideId "4167457"]
[BlackFideId "26093820"]
[WhiteElo "2499"]
[BlackElo "1997"]
[Result "0-1"]
[Round "07"]
[TimeControl "180+1"]
[Date "2022.02.08"]
[WhiteClock "0:00:07"]
[BlackClock "0:00:10"]

1. d4 Nf6 2. g4 Nxg4 3. e4 d6 4. f3 Nf6 5. Be3 Nbd7 6. Nc3 c5 7. Nge2 g6 8. Qd2 cxd4 9. Nxd4 Ne5 10. O-O-O Bd7 11. f4 Neg4 12. Bg1 Bh6 13. h3 Ne5 14. Be3 Nc6 15. Kb1 O-O 16. h4 Bg4 17. Be2 Bxe2 18. Qxe2 Qa5 19. h5 Nxd4 20. Bxd4 Bg7 21. hxg6 fxg6 22. Qh2 Nh5 23. Nd5 e6 24. Ne7+ Kf7 25. Bxg7 Kxg7 26. f5 exf5 27. exf5 Qe5 28. Qh4 Qf6 29. fxg6 Qxh4 30. Rxh4 hxg6 31. Rg1 Nf4 32. b3 Rae8 33. Rgg4 Rxe7 34. Rxf4 Rxf4 35. Rxf4 g5 36. Rd4 Re6 37. Kc1 Kf6 38. Kd2 Kf5 39. Rc4 g4 40. Rc8 g3 41. Rg8 Kf4 42. c4 Kf3 43. Kd3 Re3+ 44. Kd4 Re4+ 45. Kd5 Rg4 46. Rf8+ Ke2 47. Re8+ Kd2 0-1


[Site "https://www.chess.com"]

[Event "Early Titled Tuesday Blitz | February 8 2022"]
[White "Dew, Brian"]
[Black "Pavlidou, Ekaterini"]
[WhiteFideId "6000495"]
[BlackFideId "4213262"]
[WhiteElo "2118"]
[BlackElo "2127"]
[Result "1-0"]
[Round "07"]
[TimeControl "180+1"]
[Date "2022.02.08"]
[WhiteClock "0:00:01"]
[BlackClock "0:00:58"]

1. c4 e5 2. Nc3 Nc6 3. g3 g6 4. Bg2 Bg7 5. e3 d6 6. Nge2 f5 7. O-O Nf6 8. b3 O-O 9. Bb2 e4 10. d3 Ne5 11. dxe4 fxe4 12. Nxe4 Nxe4 13. Bxe4 Nf3+ 14. Bxf3 Bxb2 15. Bd5+ Kh8 16. Rb1 Bh3 17. Re1 Qf6 18. Nf4 Bd7 19. Bxb7 Rab8 20. Bg2 g5 21. Nd3 Bc3 22. Rf1 h5 23. Qxh5+ Kg7 24. Rbc1 Rh8 25. Qf3 Qh6 26. h4 Bf6 27. Kh2 gxh4 28. g4 h3 29. Bh1 Qg5 30. Rg1 Rh4 31. Rg3 Rf8 32. Qb7 Be5 33. f4 Qg6 34. Nxe5 dxe5 35. Qxc7 exf4 36. Qxd7+ Rf7 37. Qd4+ Kh7 38. Be4 fxg3+ 39. Kh1 g2+ 40. Kh2 Rf1 41. Bxg6+ Kxg6 42. Qd3+ Kg5 43. Rxf1 gxf1=Q 44. Qxf1 Rxg4 45. Qxh3 Re4 46. Qg3+ Kf6 47. Qf3+ Ke5 48. Kg3 a5 49. Qf8 Rxe3+ 50. Kf2 Rd3 51. Qg7+ Kf5 52. Qh7+ Kf4 53. Qxd3 1-0


[Site "https://www.chess.com"]

[Event "Early Titled Tuesday Blitz | February 8 2022"]
[White "Di Nicolantonio, Lucas"]
[Black "Zubov, Alexander"]
[WhiteFideId "680460"]
[BlackFideId "14109409"]
[WhiteElo "2381"]
[BlackElo "2685"]
[Result "1/2-1/2"]
[Round "07"]
[TimeControl "180+1"]
[Date "2022.02.08"]
[WhiteClock "0:00:10"]
[BlackClock "0:00:12"]

1. d4 Nf6 2. Bg5 d5 3. Bxf6 gxf6 4. c4 dxc4 5. e3 e6 6. Bxc4 a6 7. Qf3 Nd7 8. Nc3 c5 9. Nge2 Rb8 10. O-O-O b5 11. Bxe6 fxe6 12. Qh5+ Ke7 13. dxc5 Qe8 14. Qh4 Nxc5 15. Nf4 b4 16. Ncd5+ exd5 17. Nxd5+ Kf7 18. Qh5+ Kg7 19. Qxe8 Bd6 20. Qc6 Rd8 21. Nxf6 Bb7 22. Ne8+ Kf8 23. Qxd6+ Rxd6 24. Nxd6 Bxg2 25. Rhg1 Bf3 26. Rd4 Ne6 27. Rd3 Rd8 28. Kd2 Nc5 29. Rd4 Rxd6 30. Rxd6 Ne4+ 31. Kd3 Nxd6 32. Kd4 b3 33. axb3 Be2 34. Rg5 Ke7 35. e4 Bd1 36. Re5+ Kd7 37. Ra5 Nb5+ 38. Kc5 Nc7 39. Kb6 Bxb3 40. Rh5 Bg8 41. Rh6 Ne8 42. f4 Nd6 43. e5 Nf5 44. Rf6 Ne3 45. Kxa6 Nd5 46. Rd6+ Ke7 47. Ka5 Nxf4 48. b4 Ng6 49. b5 Nxe5 50. Rh6 Nc4+ 51. Kb4 Kd7 52. Kc5 Kc7 53. b6+ Kb7 54. Rf6 Ne5 55. Kd6 Ng6 56. Kd7 Bd5 57. Ke8 Bc6+ 58. Kd8 Kxb6 59. Rf7 h5 60. Rh7 Nf4 61. Rh6 Kc5 62. Ke7 Bf3 63. Kf6 Kd4 64. Kg5 Ke5 65. h4 Ne6+ 66. Kg6 Nf4+ 67. Kg5 Bg4 68. Rh8 Ne6+ 69. Kg6 Nf4+ 70. Kg5 Ne6+ 71. Kg6 Ke4 72. Rxh5 Nf4+ 73. Kg5 Bxh5 74. Kh6 Kf3 75. Kg5 Kg3 76. Kf5 Kxh4 77. Kxf4 1/2-1/2


[Site "https://www.chess.com"]

[Event "Early Titled Tuesday Blitz | February 8 2022"]
[White "Dobrov, Vladimir"]
[Black "Bortnyk, Olexandr"]
[WhiteFideId "4136594"]
[BlackFideId "14120828"]
[WhiteElo "2614"]
[BlackElo "2723"]
[Result "1-0"]
[Round "07"]
[TimeControl "180+1"]
[Date "2022.02.08"]
[WhiteClock "0:01:00"]
[BlackClock "0:00:01"]

1. d4 f5 2. e4 fxe4 3. Nc3 Nf6 4. Bg5 Nc6 5. d5 Ne5 6. Qe2 Nf7 7. Bxf6 gxf6 8. Nxe4 Bg7 9. Ng3 c6 10. O-O-O d6 11. Kb1 cxd5 12. Rxd5 O-O 13. Nf3 e6 14. Rd3 f5 15. Nh5 Bh6 16. g3 e5 17. Rb3 a5 18. Nh4 a4 19. Rb5 Bd7 20. Bg2 Bxb5 21. Qxb5 Qg5 22. f4 exf4 23. Nxf4 Rfe8 24. Nxf5 Re5 25. Qxb7 Rae8 26. Nxh6+ Qxh6 27. Nd3 R5e7 28. Qb4 Ne5 29. Nf4 Ng6 30. Nd5 Rf7 31. Qxa4 Ref8 32. a3 Qd2 33. Be4 Ne5 34. Qb4 Qe2 35. Nf4 Qe3 36. Bd5 Kh8 37. Bxf7 Rxf7 38. Qxd6 Kg7 39. Rd1 1-0


[Site "https://www.chess.com"]